 Dungeon Crawl Stone Soup version 0.31.0-12-g77e489cdc1 (webtiles) character file.

Game seed: 15962847492691962361

99 Couri the Shooter (level 4, -4/40 HPs)
             Began as a Minotaur Hunter on Feb 21, 2024.
             Slain by a gnoll
             ... wielding a +0 halberd
              (12 damage)
             ... on level 3 of the Dungeon.
             The game lasted 00:07:16 (1518 turns).

Couri the Shooter (Minotaur Hunter)                 Turns: 1518, Time: 00:07:18

Health: -4/40      AC:  3    Str: 15    XL:     4   Next: 45%
Magic:  3/3        EV: 12    Int:  6    God:
Gold:   65         SH:  0    Dex: 16    Spells: 3/3 levels left

rFire   . . .        a - +0 shortbow
rCold   . . .        (shield currently unavailable)
rNeg    + . .        c - +0 leather armour
rPois   .            (helmet restricted)
rElec   .            (no cloak)
rCorr   .            (no gloves)
SInv    .            (no boots)
Will    .....        (no amulet)
Stlth   ++           h - ring of positive energy
HPRegen 0.26/turn    (no ring)
MPRegen 0.08/turn

%: no passive effects
@: no status effects
A: horns 2, retaliatory headbutt
a: no special abilities


You were on level 3 of the Dungeon.
You visited 1 branch of the dungeon, and saw 3 of its levels.

You collected 65 gold pieces.

Inventory:

Hand Weapons
 a - a +0 shortbow (weapon)
 m - a +2 short sword of venom
Armour
 c - a +0 leather armour (worn)
 i - a +0 plate armour
 j - a +0 ring mail
Jewellery
 h - a ring of positive energy (left hand)
Scrolls
 b - a scroll of butterflies
 d - 2 scrolls of enchant armour {unknown}
 e - 2 scrolls of identify {unknown}
 f - 4 scrolls of fear {unknown}
Potions
 g - a potion of mutation {unknown}
 k - 2 potions of heal wounds {unknown}
 l - a potion of haste {unknown}


   Skills:
 + Level 3.8 Fighting
 * Level 5.8 Ranged Weapons
 - Level 2.2 Dodging
 - Level 0.8 Stealth


You had 3 spell levels left.
You didn't know any spells.
Your spell library was empty.

Dungeon Overview and Level Annotations

Branches:
Dungeon (3/15)

Altars:


Innate Abilities, Weirdness & Mutations

You have a pair of horns on your head.
You reflexively headbutt those who attack you in melee.


Message History

You shoot an arrow.
The arrow hits the gnoll but does no damage.
The gnoll is lightly wounded.
The gnoll closely misses you. The gnoll attacks as it pursues you!
The gnoll closely misses you.
Fire: a) +0 shortbow
Press: ? - help, Q - select action Shift-Dir - straight line, f - gnoll, p - gnoll
Aim: a gnoll, wielding a +0 spear and wearing a +0 scale mail (severely wounded, 70% to hit)
You shoot an arrow. The arrow hits the gnoll!
The gnoll is heavily wounded.
The gnoll closely misses you. The gnoll attacks as it pursues you!
The gnoll closely misses you.
Fire: a) +0 shortbow
Press: ? - help, Q - select action Shift-Dir - straight line, f/p - gnoll
Aim: a gnoll, wielding a +0 spear and wearing a +0 scale mail (severely wounded, 70% to hit)
You shoot an arrow. The arrow hits the gnoll.
The gnoll is almost dead.
The gnoll closely misses you.
Fire: a) +0 shortbow
Press: ? - help, Q - select action Shift-Dir - straight line, f/p - gnoll
Aim: a gnoll, wielding a +0 spear and wearing a +0 scale mail (severely wounded, 70% to hit)
You shoot an arrow. The arrow barely misses the gnoll.
The gnoll barely misses you. The gnoll closely misses you.
The gnoll attacks as it pursues you! The gnoll misses you.
The gnoll hits you from afar with a +0 halberd!
The gnoll attacks as it pursues you!
The gnoll hits you from afar with a +0 spear!
* * * LOW HITPOINT WARNING * * *
The gnoll attacks as it pursues you! The gnoll closely misses you.
Fire: a) +0 shortbow
Press: ? - help, Q - select action Shift-Dir - straight line, f/p - gnoll
Aim: a gnoll, wielding a +0 spear and wearing a +0 scale mail (severely wounded, 70% to hit)
You shoot an arrow. The arrow hits the gnoll!
You kill the gnoll!
Fire: a) +0 shortbow
Press: ? - help, Q - select action Shift-Dir - straight line, f - gnoll
Aim: a gnoll, wielding a +0 halberd (almost dead, 66% to hit)
You shoot an arrow. The arrow closely misses the gnoll.
The gnoll hits you from afar with a +0 halberd!
You die...

#.#...####.........
#........+.........
#..<..####.....)...
#..#..# ##.......#
#.....# ##....[##
##.##########...###
#g# #...# ##.....
#.# #...# #.####
#@####...####.#
#.#.........#.####
#..............##.
###.............#.
####...###......
#..........(.
#...####.#### #####
#.# #$#


You could see a gnoll.

Vanquished Creatures
  2 gnolls (D:3)
  3 adders (D:2)
  A dart slug (D:1)
  A ribbon worm (D:2)
  8 ball pythons
  2 endoplasms
  3 giant cockroaches
  6 goblins
  3 hobgoblins (D:1)
  4 jackals (D:1)
  4 kobolds
  A quokka (D:2)
  4 bats
  A frilled lizard (D:2)
  2 rats
45 creatures vanquished.

Notes
Turn   | Place    | Note
-------+----------+-------------------------------------------
     0 | D:1      | Couri the Minotaur Hunter began the quest for the Orb.
     0 | D:1      | Reached XP level 1. HP: 18/18 MP: 0/0
    48 | D:1      | Reached XP level 2. HP: 25/25 MP: 1/1
   297 | D:1      | Reached skill level 5 in Ranged Weapons
   490 | D:1      | Reached XP level 3. HP: 30/31 MP: 2/2
   944 | D:2      | Reached XP level 4. HP: 32/39 MP: 3/3
  1518 | D:3      | Slain by a gnoll

Illustrated notes

Levels and vault maps discovered:
D:1:      lightli_arrival_boilingwater, layout_loops_ring
D:2:      layout_loops_cross
D:3:      layout_loops_corners, serial_shops, shop_coins

Skill      XL: |  1  2 |
---------------+-------+-----
Fighting       | 3 |  3.8
Ranged Weapons | 5 |  5.8
Dodging        | |  2.2
Stealth        | |  0.8

Action                     |  1- 3 |  4- 6 || total
---------------------------+-------+-------++-------
   Fire: Shortbow          |    81 |    40 ||   121
 Armour: Leather armour    |    13 |    16 ||    29
  Dodge: Dodged            |    31 |    23 ||    54
